 Dungeon Crawl Stone Soup version 0.30-a0-722-g3e6e8c874d (webtiles) character file.

Game seed: 955560853549704591

60 Dittersdorf the Trooper (level 4, -5/29 HPs)
             Began as a Gargoyle Fighter on Jan 27, 2023.
             Slain by Ijyb
             ... wielding a +1 spectral club
              (7 damage)
             ... on level 3 of the Dungeon.
             The game lasted 00:01:55 (1394 turns).

Dittersdorf the Trooper (Gargoyle Fighter)          Turns: 1394, Time: 00:01:56

Health: -5/29      AC: 11    Str: 22    XL:     4   Next: 4%
Magic:  4/4        EV:  9    Int:  8    God:
Gold:   94         SH:  4    Dex:  9    Spells: 3/3 levels left

rFire   . . .      SeeInvis .    a - +0 flail
rCold   . . .      Faith    .    c - +0 buckler
rNeg    + . .      Spirit   .    b - +0 scale mail
rPois   ∞          Reflect  .    (no helmet)
rElec   +          Harm     .    (no cloak)
rCorr   .          Rampage  .    o - +0 pair of gloves
Will    .....                    (no boots) Stlth
                                 (no amulet)
HPRegen 0.24/turn                (no ring)
MPRegen 0.09/turn                (no ring)

@: no status effects
A: sickness immunity, AC +3, negative energy resistance 1, electricity
resistance, torment resistance 1, petrification resistance
a: no special abilities


You were on level 3 of the Dungeon.
You visited 1 branch of the dungeon, and saw 3 of its levels.

You collected 94 gold pieces.

Inventory:

Hand Weapons
 a - a +0 flail (weapon)
Armour
 b - a +0 scale mail (worn)
 c - a +0 buckler (worn)
 o - a +0 pair of gloves (worn)
Scrolls
 g - 3 scrolls of identify {unknown}
 h - a scroll of immolation {unknown}
 j - 4 scrolls of teleportation {unknown}
 p - a scroll of enchant weapon {unknown}
 q - a scroll of torment {unknown}
Potions
 d - 2 potions of might
 e - a potion of degeneration {unknown}
 f - a potion of berserk rage {unknown}
 i - 2 potions of curing {unknown}
 k - a potion of haste {unknown}
 l - a potion of lignification {unknown}
 m - 2 potions of invisibility {unknown}
 n - a potion of resistance {unknown}
 r - a potion of heal wounds {unknown}
 s - a potion of brilliance {unknown}


   Skills:
 + Level 3.9 Fighting
 + Level 2.6 Maces & Flails
 + Level 3.8 Armour
 + Level 3.9 Shields


You had 3 spell levels left.
You didn't know any spells.
Your spell library was empty.

Dungeon Overview and Level Annotations

Branches:
Dungeon (3/15)

Altars:
Fedhas
Gozag

Annotations:
D:3 Ijyb, Robin


Innate Abilities, Weirdness & Mutations

You are immune to sickness and miasma.
Your stone body is resilient. (AC +3)
You are immune to poison.
You resist negative energy. (rN+)
You are resistant to electric shocks. (rElec)
You are resistant to unholy torment.
You are immune to petrification.


Message History

The puff of flame hits you.
You closely miss Ijyb.
Ijyb is heavily wounded.
The goblin hits you but does no damage. The hobgoblin barely misses you. x2
Ijyb hits you with a +1 spectral club.
You closely miss Ijyb.
Ijyb is heavily wounded.
The goblin hits you but does no damage. The hobgoblin hits you.
The goblin hits you with a +0 dagger.
The hobgoblin hits you but does no damage.
Ijyb hits you but does no damage.
You are too injured to fight recklessly!
You are too injured to fight recklessly!
You are too injured to fight recklessly!
You are too injured to fight recklessly!
You are too injured to fight recklessly!
You are too injured to fight recklessly!
You are too injured to fight recklessly!
You are too injured to fight recklessly!
You are too injured to fight recklessly!
You are too injured to fight recklessly!
You are too injured to fight recklessly!
You are too injured to fight recklessly!
You are too injured to fight recklessly!
You are too injured to fight recklessly!
Robin throws Ijyb at you!
The hobgoblin hits you but does no damage.
The goblin barely misses you. Ijyb hits you with a +1 spectral club.
* * * LOW HITPOINT WARNING * * *
You barely miss Ijyb.
Ijyb is heavily wounded.
The hobgoblin hits you.
* * * LOW HITPOINT WARNING * * *
An orc comes into view. It is wielding a +0 dagger.
The goblin hits you but does no damage. Ijyb hits you with a +1 spectral club.
* * * LOW HITPOINT WARNING * * *
You block the goblin's attack.
The hobgoblin hits you but does no damage.
Ijyb hits you with a +1 spectral club!
You die...

#.#.# ......## #.#.#
...... #.#.# ...o.####
#.#.# # ........ #.#.##
#..# #.....#
.....#######.###.....#
...............g.....###
.#...#######.#.ggg......
.##...# #.#.#@g.$....
###.# #.#.#g#.#.##. #.#
#.#..........
#.######.#.#.#.#.#..
#..........#.......
########...###...#..
#.........#..
###.##!##.# #... .....


You could see Ijyb (strong), Robin, an orc (wandering), 2 hobgoblins and 2
goblins.

Vanquished Creatures
  An adder (D:2)
  A dart slug (D:3)
  7 endoplasms (D:1)
  2 giant cockroaches
  10 goblins
  3 hobgoblins
  3 quokkas
  4 ball pythons
  4 bats
  3 frilled lizards
  A kobold (D:1)
  5 rats
44 creatures vanquished.

Notes
Turn   | Place    | Note
-------+----------+-------------------------------------------
     0 | D:1      | Dittersdorf the Gargoyle Fighter began the quest for the
                  | Orb.
     0 | D:1      | Reached XP level 1. HP: 14/14 MP: 1/1
   153 | D:1      | Reached XP level 2. HP: 19/19 MP: 2/2
   509 | D:1      | Reached XP level 3. HP: 23/23 MP: 3/3
   952 | D:2      | Found an opulent altar of Gozag.
  1334 | D:3      | Found a blossoming altar of Fedhas.
  1340 | D:3      | Reached XP level 4. HP: 29/29 MP: 4/4
  1382 | D:3      | Noticed Ijyb
  1387 | D:3      | Noticed Robin
  1394 | D:3      | Slain by Ijyb

Illustrated notes

Levels and vault maps discovered:
D:1:      shiori_arrival_elements, layout_basic, chequers_serial_rivers_small_3
D:2:      layout_basic, basic_altar
D:3:      layout_loops_ring, fedhas_altar_2, nicolae_goblin_pals

Action                     |  1- 3 |  4- 6 || total
---------------------------+-------+-------++-------
  Melee: Flail             |   135 |     8 ||   143
 Armour: Scale mail        |    89 |     8 ||    97
  Dodge: Dodged            |    82 |     6 ||    88
  Block: Buckler           |    36 |     4 ||    40

Table legend: (Time is in decaauts)
 A = Elapsed time spent in this place.
 B = Non-inter-level travel time spent in this place.
 C = Inter-level travel time spent in this place.
 D = Time resting spent in this place.
 E = Time spent auto-exploring this place.
 F = Levels seen in this place.
 G = Mean time per level.
                   A        B        C        D        E       F      G
               +--------+--------+--------+--------+--------+-----+--------+
         Total |   1443 |   1360 |     83 |     53 |    979 |   3 |  481.0 |
       Dungeon |   1443 |   1360 |     83 |     53 |    979 |   3 |  481.0 |
               +--------+--------+--------+--------+--------+-----+--------+

Top non-repeatable levels by time:
     D:1: 788 daAuts
     D:2: 586 daAuts
     D:3: 69 daAuts
